 Dungeon Crawl Stone Soup version 0.27-a0-652-g2d5cf1dcd3 (webtiles) character file.

Game seed: 16229390806433932751

191 Mitsuki the Skirmisher (level 5, -3/48 HPs)
             Began as a Minotaur Fighter on Mar 15, 2021.
             Slain by Sigmund
             ... wielding a +0 scythe
              (5 damage)
             ... on level 3 of the Dungeon on Mar 16, 2021.
             The game lasted 00:05:44 (2395 turns).

Mitsuki the Skirmisher (Minotaur Fighter)           Turns: 2395, Time: 00:05:44

Health: -3/48      AC:  8    Str: 22    XL:     5   Next: 41%
Magic:  4/4        EV:  8    Int:  5    God:
Gold:   233        SH:  9    Dex:  9    Spells: 4/4 levels left

rFire    . . .     SeeInvis .   a - +0 long sword
rCold    . . .     Faith    .   c - +0 kite shield
rNeg     . . .     Spirit   .   b - +0 scale mail
rPois    .         Reflect  .   (helmet restricted)
rElec    .         Harm     .   (no cloak)
rCorr    .         Rampage  .   p - +0 pair of gloves
Will     .....                  (no boots)
Stlth    ..........             q - amulet of the acrobat
HPRegen  0.16/turn              (no ring)
MPRegen  0.09/turn              (no ring)

@: mighty
A: horns 2, retaliatory headbutt
a: no special abilities


You were on level 3 of the Dungeon.
You visited 1 branch of the dungeon, and saw 3 of its levels.

You collected 233 gold pieces.

Inventory:

Hand Weapons
 a - a +0 long sword (weapon)
Armour
 b - a +0 scale mail (worn)
 c - a +0 kite shield (worn)
 p - a +0 pair of gloves (worn)
Jewellery
 q - an amulet of the acrobat (around neck)
Scrolls
 g - 3 scrolls of identify {unknown}
 i - a scroll of magic mapping {unknown}
 j - 3 scrolls of teleportation {unknown}
 k - 2 scrolls of enchant weapon {unknown}
 l - a scroll of enchant armour {unknown}
 n - 2 scrolls of blinking {unknown}
Potions
 d - a potion of might
 e - a potion of lignification {unknown}
 f - a potion of haste {unknown}
 h - a potion of degeneration {unknown}
 m - a potion of attraction {unknown}
 o - 2 potions of heal wounds {unknown}


   Skills:
 * Level 5.3 Fighting
 + Level 3.4 Long Blades
 + Level 4.4 Armour
 + Level 1.8 Dodging
 + Level 4.5 Shields


You had 4 spell levels left.
You didn't know any spells.
Your spell library was empty.

Dungeon Overview and Level Annotations

Branches:
Dungeon (3/15)

Altars:
Ashenzari
Fedhas
Xom

Annotations:
D:3 Sigmund


Innate Abilities, Weirdness & Mutations

You have a pair of horns on your head.
You reflexively headbutt those who attack you in melee.


Message History

Your headbutt misses the hobgoblin. You block the rat's attack.
Something hits you but does no damage. The hobgoblin hits you.
The rat bites you but does no damage. Something hits you but does no damage.
You take 1 damage, and have 47/48 hp.
You hit the rat.
You kill the rat!
The hobgoblin barely misses you. You furiously retaliate!
You headbutt the hobgoblin!
You kill the hobgoblin!
Something hits you.
You take 6 damage, and have 41/48 hp.
Something closely misses you.
You see here a rat corpse.
Your shield and scale mail prevent you from hitting something.
Something hits you but does no damage. Something hits you.
You take 6 damage, and have 35/48 hp.
You miss something.
You hear some strange, mumbled words.
Something tries to affect you, but you resist.
You closely miss something. Something hits you.
You take 5 damage, and have 31/48 hp.
You hit something. Your headbutt misses something. Something hits you. x2
You take 7 damage, and have 24/48 hp.
You barely miss something. Something hits you.
You take 6 damage, and have 18/48 hp.
You miss something. You headbutt something! Something hits you.
Something hits you!
* * * LOW HITPOINT WARNING * * *
You take 8 damage, and have 10/48 hp.
You closely miss something. Something hits you but does no damage.
You miss something. You headbutt something!
Something hits you but does no damage. x2
You closely miss something. Your headbutt misses something.
You hear some strange, mumbled words.
A magic dart appears from out of thin air!
The magic dart hits you!
* * * LOW HITPOINT WARNING * * *
You take 8 damage, and have 2/48 hp.
You miss something. You headbutt something. Something hits you.
You die...

#...... .####.####.
#...... ..........
######...... ...........
#........... ..........##
#.##≈.≈..†..
#.........#≈≈#.#.≈≈≈..≈..
#.........##≈##..≈..≈.≈≈.
#..........#≈≈≈≈≈≈≈≈≈≈≈≈≈
#......{@..##≈≈≈≈≈≈≈≈≈≈≈≈
#..........####....≈...≈.
#........†....[..≈≈.≈..≈.
#........................
###.##..?.#########......
# #....# ...... #....#
...... ###### ...... ...


There were no monsters in sight!

Vanquished Creatures
  Natasha (thrice) (D:3)
  5 adders
  An ooze (D:1)
  2 worms (D:2)
  2 dart slugs
  2 leopard geckos
  2 giant cockroaches (D:1)
  4 goblins
  15 hobgoblins
  2 quokkas
  A ball python (D:3)
  7 bats
  2 frilled lizards (D:1)
  5 kobolds
  11 rats
64 creatures vanquished.

Notes
Turn   | Place    | Note
-------+----------+-------------------------------------------
     0 | D:1      | Mitsuki the Minotaur Fighter began the quest for the Orb.
     0 | D:1      | Reached XP level 1. HP: 19/19 MP: 0/0
    72 | D:1      | Upgraded the game from 0.27-a0-637-g3a9f0a9c12 to
                  | 0.27-a0-652-g2d5cf1dcd3
    94 | D:1      | Reached XP level 2. HP: 27/27 MP: 1/1
   130 | D:1      | Reached skill level 4 in Fighting
   748 | D:1      | Reached XP level 3. HP: 33/33 MP: 2/2
   847 | D:2      | Found a shimmering altar of Xom.
   998 | D:2      | Reached skill level 1 in Dodging
  1373 | D:2      | Reached XP level 4. HP: 41/41 MP: 3/3
  1508 | D:2      | Found a blossoming altar of Fedhas.
  2070 | D:3      | Found a broken altar of Ashenzari.
  2166 | D:3      | Noticed Natasha
  2174 | D:3      | Killed Natasha
  2189 | D:3      | Reached skill level 5 in Fighting
  2236 | D:3      | Noticed Natasha
  2241 | D:3      | Killed Natasha
  2242 | D:3      | Reached XP level 5. HP: 47/48 MP: 4/4
  2371 | D:3      | Noticed Natasha
  2373 | D:3      | Noticed Sigmund
  2376 | D:3      | Killed Natasha
  2394 | D:3      | HP: 2/48 [something/magic dart (8)]
  2395 | D:3      | Slain by Sigmund

Illustrated notes

Levels and vault maps discovered:
D:1:      onia_arrival_handbag, layout_loops_cross
D:2:      layout_basic, fedhas_altar_4, old_standard_altar, minivault_27
D:3:      layout_basic, old_standard_altar, nicolae_ashenzari_skybound,
          serial_rivers, chequers_serial_rivers_small_3,
          chequers_serial_rivers_large_b, chequers_serial_rivers_small_3,
          chequers_serial_rivers_micro_a, chequers_serial_rivers_micro_d,
          chequers_serial_rivers_large_a, uniq_sigmund, uniq_natasha

Skill      XL: |  1  2  3  4 |
---------------+-------------+-----
Fighting       | 4 5 |  5.3
Shields        | 4 |  4.5
Armour         | 4 |  4.4
Dodging        | 1 |  1.8
Long Blades    | 3 |  3.4

Action                   |  1- 3 |  4- 6 || total
-------------------------+-------+-------++-------
Melee: Long sword        |    98 |    63 ||   161
       Headbutt          |    10 |    10 ||    20
  Use: Potion            |       |     1 ||     1
Armor: Scale mail        |    56 |    26 ||    82
Dodge: Dodged            |    41 |    23 ||    64
Block: Kite shield       |    71 |    29 ||   100
       Rpst.: Long sword |    14 |     6 ||    20

Table legend: (Time is in decaauts)
 A = Elapsed time spent in this place.
 B = Non-inter-level travel time spent in this place.
 C = Inter-level travel time spent in this place.
 D = Time resting spent in this place.
 E = Time spent auto-exploring this place.
 F = Levels seen in this place.
 G = Mean time per level.
                   A        B        C        D        E       F      G
               +--------+--------+--------+--------+--------+-----+--------+
         Total |   2487 |   2442 |     45 |      0 |   2005 |   3 |  829.0 |
       Dungeon |   2487 |   2442 |     45 |      0 |   2005 |   3 |  829.0 |
               +--------+--------+--------+--------+--------+-----+--------+

Top non-repeatable levels by time:
     D:2: 1042 daAuts
     D:1: 873 daAuts
     D:3: 571 daAuts
